 Dungeon Crawl Stone Soup version 0.29.0-15-g675c0067aa (webtiles) character file.

Game seed: 819494395885112307

2764 qw the Cleaver (level 9, 0/57 HPs)
             Began as a Gargoyle Fighter on Sept 12, 2022.
             Was a Believer of Okawaru.
             Slain by an ice beast (11 damage)
             ... on level 7 of the Dungeon.
             The game lasted 00:02:38 (7530 turns).

qw the Cleaver (Gargoyle Fighter)                   Turns: 7530, Time: 00:02:39

Health: 0/57       AC: 18    Str: 24    XL:     9   Next: 69%
Magic:  12/12      EV: 13    Int: 13    God:    Okawaru [**....]
Gold:   442        SH:  6    Dex: 13    Spells: 8/8 levels left

rFire   + + .      SeeInvis .   Y - +2 war axe (chaos)
rCold   . . .      Faith    .   c - +0 buckler
rNeg    + + .      Spirit   .   r - +4 ring mail "Wunwata" {*Corrode rF++ Int+4 Dex+4}
rPois   inf        Reflect  .   (no helmet)
rElec   +          Harm     .   (no cloak)
rCorr   .          Rampage  .   l - +0 pair of gloves {Stlth+}
Will    .....                   (no boots)
Stlth   +++.......              (no amulet)
HPRegen 0.19/turn               p - ring of positive energy
MPRegen 0.13/turn               (no ring)

@: about to teleport, heroic
A: sickness immunity, AC +6, negative energy resistance 1, electricity
resistance, torment resistance 1, petrification resistance
a: Renounce Religion, Heroism


You were on level 7 of the Dungeon.
You worshipped Okawaru.
Okawaru was pleased with you.
You visited 2 branches of the dungeon, and saw 8 of its levels.

You collected 494 gold pieces.
You spent 52 gold pieces at shops.


Innate Abilities, Weirdness & Mutations

You are immune to sickness and miasma.
Your stone body is resilient. (AC +6)
You are immune to poison.
You resist negative energy. (rN+)
You are resistant to electric shocks. (rElec)
You are resistant to unholy torment.
You are immune to petrification.


   Skills:
 - Level 7.0(12.0) Fighting
 + Level 9.3(14.3) Axes
 - Level 1.0(6.0) Throwing
 - Level 4.2(9.2) Armour
 - Level 2.1(7.1) Dodging
 - Level 4.3(9.3) Shields
 - Level 4.0 Invocations


You had 8 spell levels left.
You didn't know any spells.
Your spell library was empty.

Inventory:

Hand Weapons
 u - a +0 flail
 Y - a +2 war axe of chaos (weapon)
Missiles
 q - 4 boomerangs (quivered)
Armour
 c - a +0 buckler (worn)
 g - a +0 chain mail
 l - a +0 pair of gloves of stealth (worn)
 r - the +4 ring mail "Wunwata" (worn) {*Corrode rF++ Int+4 Dex+4}
   (You found it on level 6 of the Dungeon)

   Int:       It affects your intelligence (+4).
   Dex:       It affects your dexterity (+4).
   rF:        It greatly protects you from fire.
   *Corrode:  It may corrode you when you take damage.
Jewellery
 p - a ring of positive energy (left hand)
Wands
 m - a wand of digging (2)
Scrolls
 a - 2 scrolls of teleportation
 e - a scroll of identify
 f - a scroll of fog
Potions
 b - 2 potions of attraction
 d - a potion of might
 h - a potion of haste
 j - a potion of cancellation
 k - 5 potions of curing
 n - a potion of resistance
 o - 2 potions of mutation
 s - a potion of lignification
 t - 3 potions of heal wounds

Dungeon Overview and Level Annotations

Branches:
Dungeon (7/15)             Temple (1/1) D:5

Altars:
Cheibriados
Dithmenos
Elyvilon
Fedhas
Gozag
Hepliaklqana
Kikubaaqudgha
Makhleb
Nemelex Xobeh
Okawaru
Qazlal
Ru
Sif Muna
Trog
Uskayaw
Vehumet
Wu Jian
Xom
Yredelemnul
Zin
The Shining One

Shops:
D:2 ?

Annotations:
D:2 1 runed translucent door, Crazy Yiuf
D:5 1 runed translucent door, qw's ghost, weakling GrDe


Message History

The killer bee is lightly wounded.
You closely miss something. You hit the killer bee.
The killer bee flickers and vanishes!
You block something's attack. The killer bee stings you.
Something hits you but does no damage.
The kobold brigand throws a poisoned dart.
The poisoned dart misses you.
Something stings you but does no damage.
You block the killer bee's attack.
You closely miss the killer bee.
The killer bee is lightly wounded.
You hit something.
You feel better.
You completely miss something. Something barely misses you.
The killer bee closely misses you. Something hits you. Something freezes you.
You closely miss the killer bee.
The killer bee is lightly wounded.
You completely miss something. You miss something. Something barely misses you.
The killer bee barely misses you. Something completely misses you.
The killer bee stings you but does no damage.
Something hits you but does no damage.
You closely miss the killer bee.
The killer bee is lightly wounded.
You closely miss something. You barely miss something. Something stings you.
You block the killer bee's attack.
The killer bee stings you but does no damage.
Something stings you. Something hits you. Something freezes you!
The kobold brigand throws a poisoned dart.
The poisoned dart hits you!
You hit the killer bee.
The killer bee is poisoned.
The killer bee is lightly wounded.
You miss something. You barely miss something.
Something stings you but does no damage.
The killer bee stings you.
7530 ||| READING 3 scrolls of teleportation.
As you read the scroll of teleportation, it crumbles to dust.
You feel strangely unstable. Something stings you.
You block the killer bee's attack. Something hits you. Something freezes you!
You die...

#.....#
##'########'
#.....#
#...........
#...........
##..........
##.........$
#...........
#KK.........
#y{.........
#@{K).#.....
####..######
#yK.)y#
..yK.y.K.#
....gY...#
.yK.K....#
.........#
....######
....


You could see a kobold brigand, a killer bee (strong, agile, poisoned) and 2
kobolds.

Vanquished Creatures
  Sigmund (D:6)
  2 water moccasins (D:5)
  2 sky beasts
  2 black bears (D:6)
  An ice beast (D:5)
  An ogre (D:5)
  4 centaurs
  A phantom (D:5)
  An elf zombie (D:4)
  2 elf skeletons (D:4)
  4 scorpions
  3 killer bees (D:7)
  A howler monkey (D:5)
  6 hounds
  An orc priest (D:5)
  A gnoll bouda (D:6)
  Jessica (D:2)
  A human skeleton (D:4)
  Ijyb (D:3)
  3 iguanas
  Natasha (D:3)
  5 orc wizards
  Terence (D:2)
  A mummy (D:4)
  8 adders
  10 gnolls
  A shadow imp (D:7)
  A white imp (D:5)
  An ufetubus (D:5)
  A worm (D:2)
  2 dart slugs
  14 orcs
  4 ball pythons
  A bat (D:2)
  5 endoplasms
  3 giant cockroaches
  9 goblins
  4 hobgoblins
  3 jackals (D:4)
  14 kobolds
  4 quokkas
  A frilled lizard (D:1)
  2 orc skeletons (D:4)
  2 rats
137 creatures vanquished.

Notes
Turn   | Place    | Note
-------+----------+-------------------------------------------
     0 | D:1      | qw the Gargoyle Fighter began the quest for the Orb.
     0 | D:1      | Reached XP level 1. HP: 14/14 MP: 1/1
     0 | D:1      | 0 ||| qw: Version: 0.1-a-119-g272c26d
     0 | D:1      | 0 ||| qw: Game counter: 11020
     0 | D:1      | 0 ||| qw: Always use a shield: true
     0 | D:1      | 0 ||| qw: God list: Okawaru
     0 | D:1      | 0 ||| qw: Allow faded altars: false
     0 | D:1      | 0 ||| qw: Do Orc after D:15 true
     0 | D:1      | 0 ||| qw: Do second Lair branch before Depths: true
     0 | D:1      | 0 ||| qw: Lair rune preference: random
     0 | D:1      | 0 ||| qw: Plans: Normal, Zot, God:TSO, Crypt, Tomb, Pan,
                  | Slime, Hells, Zig, Abyss, Orb
     0 | D:1      | 0 ||| PLANNING D:1-11
    65 | D:1      | Reached skill level 2 in Axes
   160 | D:1      | Reached XP level 2. HP: 19/19 MP: 2/2
   162 | D:1      | 162 ||| DROPPING +0 club.
   223 | D:1      | 223 ||| Stepping ~*~*~tactically~*~*~ (stealth).
   224 | D:1      | 224 ||| Stepping ~*~*~tactically~*~*~ (stealth).
   707 | D:1      | 707 ||| UPGRADING to +0 chain mail.
   717 | D:1      | 717 ||| DROPPING +0 scale mail.
   718 | D:1      | 718 ||| READING scroll labelled JITUAGIDGHO.
   719 | D:1      | 719 ||| READING scroll labelled FEXTIY KANE.
   720 | D:1      | 720 ||| READING scroll labelled YRY DOETSIVUPN.
   721 | D:1      | 721 ||| READING scroll labelled QUXZUY WUCAA.
   722 | D:1      | 722 ||| DRINKING 2 green potions.
   723 | D:1      | 723 ||| DROPPING potion of invisibility.
   990 | D:2      | Noticed Terence
   995 | D:2      | 995 ||| Stepping ~*~*~tactically~*~*~ (stealth).
  1004 | D:2      | Killed Terence
  1004 | D:2      | HP: 2/19 [kobold/+0 short sword (4)]
  1005 | D:2      | Reached skill level 3 in Axes
  1005 | D:2      | Reached XP level 3. HP: 3/23 MP: 3/3
  1027 | D:2      | 1027 ||| Stepping ~*~*~tactically~*~*~ (stealth).
  1395 | D:2      | Found Hifiah's Magic Scroll Shop.
  1404 | D:2      | 1404 ||| SHOPLISTING scroll of brand weapon (123 gold, have
                  | 77).
  1404 | D:2      | 1404 ||| SHOPLISTING scroll of enchant armour (97 gold,
                  | have 77).
  1404 | D:2      | 1404 ||| SHOPLISTING scroll of enchant weapon (97 gold,
                  | have 77).
  1404 | D:2      | 1404 ||| BUYING scroll of fog (52 gold).
  1404 | D:2      | Bought a scroll of fog for 52 gold pieces
  1404 | D:2      | 1404 ||| SHOPLISTING scroll of identify (26 gold, have 25).
  1404 | D:2      | 1404 ||| SHOPLISTING scroll of teleportation (39 gold, have
                  | 25).
  1627 | D:2      | Found a runed translucent door.
  1628 | D:2      | Noticed Crazy Yiuf
  1709 | D:2      | Reached XP level 4. HP: 28/28 MP: 4/4
  1711 | D:2      | Noticed Jessica
  1721 | D:2      | Killed Jessica
  1722 | D:2      | Reached skill level 4 in Axes
  1906 | D:2      | Found a faded altar of an unknown god.
  2217 | D:2      | 2217 ||| READING scroll labelled DOCZA DUHI.
  2218 | D:2      | 2218 ||| READING scroll labelled TUJ UN FUPOITZ.
  2218 | D:2      | Identified a scroll of acquirement
  2218 | D:2      | 2218 ||| ACQUIRING +0 pair of gloves of stealth
  2218 | D:2      | Acquired a +0 pair of gloves of stealth
  2220 | D:2      | 2220 ||| UPGRADING to +0 pair of gloves of stealth.
  2225 | D:2      | 2225 ||| DRINKING 2 fuming clear potions.
  2226 | D:2      | 2226 ||| READING 5 scrolls of identify.
  2226 | D:2      | 2226 ||| IDENTIFYING inky potion
  2227 | D:2      | 2227 ||| READING 4 scrolls of identify.
  2227 | D:2      | 2227 ||| IDENTIFYING brown potion
  2228 | D:2      | 2228 ||| READING 3 scrolls of identify.
  2228 | D:2      | 2228 ||| IDENTIFYING sedimented clear potion
  2229 | D:2      | 2229 ||| READING 2 scrolls of identify.
  2229 | D:2      | 2229 ||| IDENTIFYING fizzy clear potion
  2230 | D:2      | 2230 ||| DROPPING potion of ambrosia.
  2231 | D:2      | 2231 ||| DROPPING potion of flight.
  2296 | D:3      | Found a bloodstained altar of Trog.
  2365 | D:3      | Noticed Ijyb
  2382 | D:3      | HP: 6/28 [Ijyb/+0 club (5)]
  2383 | D:3      | Killed Ijyb
  2384 | D:3      | Reached XP level 5. HP: 7/32 MP: 5/5
  2693 | D:3      | 2693 ||| FLEEEEING.
  2707 | D:3      | 2707 ||| FLEEEEING.
  2710 | D:3      | 2710 ||| Stepping ~*~*~tactically~*~*~ (hiding).
  2770 | D:3      | 2770 ||| Stepping ~*~*~tactically~*~*~ (stealth).
  2867 | D:3      | Found a sparkling altar of Nemelex Xobeh.
  2934 | D:3      | 2934 ||| Stepping ~*~*~tactically~*~*~ (stealth).
  3020 | D:3      | Noticed Natasha
  3028 | D:3      | Killed Natasha
  3029 | D:3      | Reached skill level 5 in Axes
  3203 | D:3      | 3203 ||| DROPPING ring of wizardry.
  3204 | D:3      | 3204 ||| UPGRADING to ring of positive energy.
  3205 | D:3      | 3205 ||| READING scroll labelled TUENTERUMI.
  3208 | D:3      | 3208 ||| READING scroll labelled ARAYGRI ECASS.
  3209 | D:3      | 3209 ||| READING scroll labelled OSEVENE PYWO.
  3210 | D:3      | 3210 ||| DRINKING 2 grey potions.
  3211 | D:3      | 3211 ||| READING 2 scrolls of identify.
  3211 | D:3      | 3211 ||| IDENTIFYING glowing orange potion
  3221 | D:4      | 3221 ||| PLANNING OSSUARY
  3334 | D:4      | 3334 ||| Stepping ~*~*~tactically~*~*~ (hiding).
  3338 | D:4      | 3338 ||| Stepping ~*~*~tactically~*~*~ (hiding).
  3339 | D:4      | 3339 ||| Stepping ~*~*~tactically~*~*~ (hiding).
  3534 | D:4      | Noticed a sky beast
  3548 | D:4      | Killed a sky beast
  3549 | D:4      | Reached XP level 6. HP: 35/40 MP: 6/6
  3624 | D:4      | Found a glowing silver altar of Zin.
  3851 | D:4      | Found a snail-covered altar of Cheibriados.
  3938 | D:4      | 3938 ||| Stepping ~*~*~tactically~*~*~ (stealth).
  4002 | D:4      | 4002 ||| RIP OSSUARY
  4017 | D:4      | 4017 ||| PLANNING D:1-11
  4112 | D:4      | 4112 ||| Stepping ~*~*~tactically~*~*~ (stealth).
  4114 | D:4      | 4114 ||| Stepping ~*~*~tactically~*~*~ (hiding).
  4115 | D:4      | 4115 ||| Stepping ~*~*~tactically~*~*~ (hiding).
  4163 | D:4      | 4163 ||| Stepping ~*~*~tactically~*~*~ (stealth).
  4164 | D:4      | 4164 ||| Stepping ~*~*~tactically~*~*~ (stealth).
  4192 | D:4      | 4192 ||| FLEEEEING.
  4193 | D:4      | 4193 ||| FLEEEEING.
  4194 | D:4      | 4194 ||| FLEEEEING.
  4196 | D:4      | 4196 ||| FLEEEEING.
  4197 | D:4      | 4197 ||| FLEEEEING.
  4198 | D:4      | 4198 ||| FLEEEEING.
  4199 | D:4      | 4199 ||| FLEEEEING.
  4200 | D:4      | 4200 ||| FLEEEEING.
  4201 | D:4      | 4201 ||| FLEEEEING.
  4202 | D:4      | 4202 ||| FLEEEEING.
  4203 | D:4      | 4203 ||| FLEEEEING.
  4204 | D:4      | 4204 ||| FLEEEEING.
  4205 | D:4      | 4205 ||| FLEEEEING.
  4206 | D:4      | 4206 ||| FLEEEEING.
  4207 | D:4      | 4207 ||| FLEEEEING.
  4208 | D:4      | 4208 ||| FLEEEEING.
  4209 | D:4      | 4209 ||| FLEEEEING.
  4210 | D:4      | 4210 ||| FLEEEEING.
  4211 | D:4      | 4211 ||| FLEEEEING.
  4216 | D:4      | Reached XP level 7. HP: 41/44 MP: 7/7
  4273 | D:4      | 4273 ||| Stepping ~*~*~tactically~*~*~ (stealth).
  4275 | D:4      | 4275 ||| Stepping ~*~*~tactically~*~*~ (stealth).
  4321 | D:4      | 4321 ||| READING scroll of enchant weapon.
  4321 | D:4      | 4321 ||| ENCHANTING +1 war axe of chaos.
  4442 | D:4      | Reached skill level 6 in Axes
  4700 | D:4      | Reached skill level 1 in Dodging
  4800 | D:4      | 4800 ||| READING scroll labelled VYUGAM NUICYVU.
  4901 | D:4      | 4901 ||| READING 2 scrolls of identify.
  4901 | D:4      | 4901 ||| IDENTIFYING lumpy black potion
  4923 | D:5      | Entered Level 5 of the Dungeon
  5048 | D:5      | Reached skill level 7 in Axes
  5113 | D:5      | Found a staircase to the Ecumenical Temple.
  5114 | D:5      | 5114 ||| PLANNING TEMPLE
  5114 | D:5      | 5114 ||| READING 2 scrolls of identify.
  5114 | D:5      | 5114 ||| IDENTIFYING fizzy inky potion
  5115 | D:5      | 5115 ||| DROPPING potion of degeneration.
  5121 | D:5      | 5121 ||| FLEEEEING.
  5122 | D:5      | 5122 ||| FLEEEEING.
  5123 | D:5      | 5123 ||| FLEEEEING.
  5124 | D:5      | 5124 ||| FLEEEEING.
  5128 | D:5      | 5128 ||| FLEEEEING.
  5129 | D:5      | 5129 ||| FLEEEEING.
  5130 | D:5      | 5130 ||| FLEEEEING.
  5142 | D:5      | 5142 ||| FLEEEEING.
  5143 | D:5      | 5143 ||| FLEEEEING.
  5144 | D:5      | 5144 ||| FLEEEEING.
  5145 | D:5      | 5145 ||| FLEEEEING.
  5146 | D:5      | 5146 ||| FLEEEEING.
  5147 | D:5      | 5147 ||| FLEEEEING.
  5148 | D:5      | 5148 ||| FLEEEEING.
  5149 | D:5      | 5149 ||| FLEEEEING.
  5150 | D:5      | 5150 ||| FLEEEEING.
  5151 | D:5      | 5151 ||| FLEEEEING.
  5152 | D:5      | 5152 ||| FLEEEEING.
  5153 | D:5      | 5153 ||| FLEEEEING.
  5154 | D:5      | 5154 ||| FLEEEEING.
  5155 | D:5      | 5155 ||| FLEEEEING.
  5156 | D:5      | 5156 ||| FLEEEEING.
  5157 | D:5      | 5157 ||| FLEEEEING.
  5158 | D:5      | 5158 ||| FLEEEEING.
  5159 | D:5      | 5159 ||| FLEEEEING.
  5160 | D:5      | 5160 ||| FLEEEEING.
  5161 | D:5      | 5161 ||| FLEEEEING.
  5162 | D:5      | 5162 ||| FLEEEEING.
  5163 | D:5      | 5163 ||| FLEEEEING.
  5164 | D:5      | 5164 ||| FLEEEEING.
  5165 | D:5      | 5165 ||| FLEEEEING.
  5166 | D:5      | 5166 ||| STAIRDANCE
  5173 | D:5      | Reached XP level 8. HP: 49/49 MP: 8/8
  5173 | D:5      | 5173 ||| STAIRDANCE
  5221 | Temple   | Entered the Ecumenical Temple
  5381 | Temple   | 5381 ||| PLANNING D:1-11
  5403 | Temple   | Became a worshipper of Warmaster Okawaru
  5771 | D:5      | Reached skill level 8 in Axes
  5817 | D:5      | 5817 ||| Stepping ~*~*~tactically~*~*~ (hiding).
  6181 | D:5      | Found a runed translucent door.
  6185 | D:5      | Noticed qw's ghost (weakling GrDe)
  6223 | D:5      | Reached skill level 6 in Fighting
  6226 | D:5      | 6226 ||| Stepping ~*~*~tactically~*~*~ (stealth).
  6241 | D:5      | Reached * piety under Okawaru
  6244 | D:5      | Reached skill level 1 in Invocations
  6263 | D:5      | 6263 ||| FLEEEEING.
  6444 | D:5      | 6444 ||| READING scroll labelled XEF POAFYBUO.
  6445 | D:5      | 6445 ||| READING scroll labelled JIAREUJ POH.
  6458 | D:5      | 6458 ||| Stepping ~*~*~tactically~*~*~ (hiding).
  6460 | D:5      | 6460 ||| Stepping ~*~*~tactically~*~*~ (hiding).
  6466 | D:5      | 6466 ||| INVOKING Heroism.
  6470 | D:5      | 6470 ||| Stepping ~*~*~tactically~*~*~ (hiding).
  6480 | D:5      | Reached XP level 9. HP: 39/55 MP: 8/11
  6601 | D:6      | 6601 ||| STAIRDANCE
  6605 | D:5      | Reached skill level 3 in Invocations
  6640 | D:6      | 6640 ||| Stepping ~*~*~tactically~*~*~ (hiding).
  6647 | D:6      | Reached skill level 1 in Throwing
  6691 | D:6      | 6691 ||| INVOKING Heroism.
  6695 | D:6      | 6695 ||| Stepping ~*~*~tactically~*~*~ (stealth).
  6732 | D:6      | Identified the +4 ring mail "Wunwata" {*Corrode rF++ Int+4
                  | Dex+4}
  6780 | D:6      | 6780 ||| Stepping ~*~*~tactically~*~*~ (hiding).
  6781 | D:6      | 6781 ||| Stepping ~*~*~tactically~*~*~ (hiding).
  6802 | D:6      | 6802 ||| INVOKING Heroism.
  6859 | D:6      | 6859 ||| DROPPING +0 whip.
  6876 | D:6      | Reached skill level 9 in Axes
  6937 | D:6      | Noticed Sigmund
  6938 | D:6      | 6938 ||| INVOKING Heroism.
  6939 | D:6      | 6939 ||| Stepping ~*~*~tactically~*~*~ (hiding).
  6943 | D:6      | Killed Sigmund
  6967 | D:6      | 6967 ||| Stepping ~*~*~tactically~*~*~ (hiding).
  6972 | D:6      | Reached ** piety under Okawaru
  7152 | D:6      | 7152 ||| INVOKING Heroism.
  7203 | D:6      | 7203 ||| Stepping ~*~*~tactically~*~*~ (hiding).
  7296 | D:6      | 7296 ||| UPGRADING to +4 ring mail "Wunwata" {*Corrode rF++
                  | Int+4 Dex+4}.
  7306 | D:6      | 7306 ||| DRINKING 2 glowing puce potions.
  7307 | D:6      | 7307 ||| READING 2 scrolls of identify.
  7307 | D:6      | 7307 ||| IDENTIFYING fuming blue potion
  7338 | D:7      | 7338 ||| Stepping ~*~*~tactically~*~*~ (hiding).
  7339 | D:7      | 7339 ||| Stepping ~*~*~tactically~*~*~ (hiding).
  7499 | D:7      | 7499 ||| Stepping ~*~*~tactically~*~*~ (hiding).
  7501 | D:7      | 7501 ||| INVOKING Heroism.
  7504 | D:7      | 7504 ||| Stepping ~*~*~tactically~*~*~ (stealth).
  7510 | D:7      | 7510 ||| Stepping ~*~*~tactically~*~*~ (stealth).
  7511 | D:7      | 7511 ||| Stepping ~*~*~tactically~*~*~ (stealth).
  7529 | D:7      | HP: 13/57 [killer bee (3)]
  7530 | D:7      | 7530 ||| READING 3 scrolls of teleportation.
  7530 | D:7      | Slain by an ice beast

Levels and vault maps discovered:
D:1:      lemuel_arrival_tunnels, layout_loops_ring, minmay_pentomino_o2
D:2:      layout_loops_corners, serial_shops, nicolae_square_shop,
          hellmonk_ecumenical_altar_zigzags, uniq_jessica, uniq_terence,
          uniq_crazy_yiuf_cottage
D:3:      layout_basic, old_standard_altar, amcnicky_altar_gilded,
          lemuel_old_faithful, uniq_ijyb, uniq_natasha
D:4:      layout_cave_pods, zin_scriptorium, slow_altar_1,
          nicolae_ossuary_entry_catacombs
D:5:      layout_loops_ring, minmay_temple_entry_sparse_star,
          ebering_ghost_reflecting_pool
D:6:      layout_rooms, kennysheep_generic_room_4, uniq_sigmund
D:7:      layout_gridville, serial_shops,
          nicolae_shop_competitors_out_of_business
Temple:   bh_familiar_temple

Skill      XL: |  1  2  3  4  5  6  7  8  9 |
---------------+----------------------------+-----
Axes           | 2 3 4 5 7 8 9 |  9.3
Fighting       | 4 5 6 7 |  7.0
Dodging        | 1 2 |  2.1
Armour         | 4 |  4.2
Invocations    | 2 4 |  4.0
Throwing       | 1 |  1.0
Shields        | 4 |  4.3

Action                   |  1- 3 |  4- 6 |  7- 9 || total
-------------------------+-------+-------+-------++-------
Melee: War axe           |    69 |   178 |   248 ||   495
Throw: Boomerang         |       |       |    17 ||    17
Invok: Heroism           |       |       |     6 ||     6
  Use: Scroll            |     4 |    10 |     8 ||    22
       Potion            |     1 |     2 |     1 ||     4
 Stab: Paralysed         |     2 |       |     1 ||     3
       Invisible         |     1 |       |       ||     1
Armor: Scale mail        |    22 |       |       ||    22
       Chain mail        |    16 |   123 |   132 ||   271
       Ring mail         |       |       |    32 ||    32
Dodge: Dodged            |    32 |    53 |    81 ||   166
Block: Buckler           |    11 |    33 |    54 ||    98

Table legend:
 A = Non-vault XP
 B = Vault XP
 C = Vault XP percentage of total XP
 D = Non-vault monster count
 E = Vault monster count
 F = Vault count percentage of total count
                 A         B        C        D         E       F
            +---------+---------+-------+---------+---------+-------
      Total |    3126 |     823 |  20.8 |     122 |      15 |  10.9
            +---------+---------+-------+---------+---------+-------
        D:1 |      15 |       4 |  21.1 |       8 |       2 |  20.0
        D:2 |      37 |      69 |  65.1 |      12 |       2 |  14.3
        D:3 |      45 |      71 |  61.2 |      12 |       2 |  14.3
        D:4 |     397 |     314 |  44.2 |      31 |       7 |  18.4
        D:5 |    1454 |       0 |   0.0 |      27 |       0 |   0.0
        D:6 |     828 |     365 |  30.6 |      18 |       2 |  10.0
        D:7 |     350 |       0 |   0.0 |      14 |       0 |   0.0
            +---------+---------+-------+---------+---------+-------
